 Dungeon Crawl Stone Soup version 0.19.5 (webtiles) character file.

118 Gargoyl the Skirmisher (level 5, -3/46 HPs)
             Began as a Ghoul Abyssal Knight on Mar 3, 2017.
             Was a Follower of Lugonu.
             Killed from afar by Natasha (9 damage)
             ... with a magic dart
             ... on level 2 of the Dungeon.
             The game lasted 00:04:06 (1993 turns).

Gargoyl the Skirmisher (Ghoul Abyssal Knight)       Turns: 1993, Time: 00:04:07

Health: -3/46      AC:  7    Str: 14 (16) XL:     5   Next: 2%
Magic:  6/6        EV: 10    Int:  6 (7)  God:    Lugonu [*.....]
Gold:   120        SH:  0    Dex:  8 (9)  Spells: 0 memorised, 4 levels left

rFire  . . .     SeeInvis .     a - +1 hand axe
rCold  + . .     Gourm    .     g - +0 ring mail
rNeg   + + +     Faith    .     (no shield)
rPois  ∞         Spirit   .     j - +2 hat
rElec  .         Reflect  .     (no cloak)
rCorr  .         Harm     .     (no gloves)
MR     .....                    (no boots)
Stlth  ..........               (no amulet)
                                (no ring)
                                (no ring)

@: rotting, slowed, very slow
A: rotting body, claws 1, carnivore 3, cold resistance 1, negative energy
resistance 3, slow regeneration 1, torment resistance, unbreathing
a: Depart the Abyss, Renounce Religion


You were on level 2 of the Dungeon.
You worshipped Lugonu.
Lugonu was aware of your devotion.
You were not hungry.

You visited 1 branch of the dungeon, and saw 2 of its levels.
You visited the Abyss 1 time.

You collected 120 gold pieces.

Inventory:

Hand Weapons
 a - a +1 hand axe (weapon)
Missiles
 k - 5 javelins of returning (quivered)
Armour
 g - a +0 ring mail (worn)
 j - a +2 hat (worn)
Jewellery
 h - an uncursed ring of ice {unknown}
Wands
 d - a wand of teleportation (3/9)
Scrolls
 b - a scroll of enchant armour
Potions
 f - a potion of flight
Comestibles
 c - 3 meat rations


   Skills:
 + Level 4.0 Fighting
 + Level 2.3 Axes
 * Level 2.8 Armour
 + Level 1.1 Dodging
 * Level 3.3 Invocations


You had 4 spell levels left.
You didn't know any spells.

Dungeon Overview and Level Annotations

Branches:
Dungeon (2/15)

Altars:
Cheibriados
Okawaru
Zin

Annotations:
D:2 Natasha


Innate Abilities, Weirdness & Mutations

Your body is rotting away.
You thrive on raw meat.
You are immune to poison.
You have sharp fingernails.
You are carnivorous and can eat meat at any time.
Your flesh is cold resistant. (rC+)
You are immune to negative energy. (rN+++)
You regenerate slowly when monsters are visible.
You are immune to unholy pain and torment.
You can survive without breathing.


Message History

You hit the white imp. Natasha claws you but does no damage.
The white imp gestures at you. The puff of frost hits you! You resist.
* * * LOW HITPOINT WARNING * * *
The crimson imp lashes its tail.
The crimson imp hits you but does no damage.
Natasha howls an incantation.
Natasha's front paws start to glow.
Natasha closely misses you. The white imp gestures at you.
The puff of frost hits you!
Okay, then.
You barely miss Natasha.
Natasha is almost dead.
You hit the crimson imp. You hit the white imp but do no damage.
The white imp disappears in a puff of smoke!
The crimson imp closely misses you. Natasha casts a spell at you.
The magic dart hits you!
You die...

#.....................
#########....................
#...............(..######....
#.............[....### #....
#####....................#
#....
.....#...................#
#....
.....#............5..#####
##### .....#.........#5§...#
_##
.....#.........#@....##8...8
.....#.........#h.##.##.....
.....#.........##.##.#_.....
>
.....#.........##..####.....
# .....#.........###.#
##8...8 8# .....#.........#
#.## ##_## ##.............#
#..### ## #.............#
##.#.# #.........##### #.#)#


You could see Natasha and 2 crimson imps.

Vanquished Creatures
  Natasha (twice) (D:2)
  3 adders (D:2)
  An ooze (D:2)
  A dart slug (D:2)
  2 leopard geckos (D:2)
  4 giant cockroaches
  3 hobgoblins (D:1)
  6 bats
  2 frilled lizards
  3 goblins
  3 kobolds
  6 rats
36 creatures vanquished.

Vanquished Creatures (others)
  4 starspawn tentacles (Abyss:2)
4 creatures vanquished.

Grand Total: 40 creatures vanquished

Notes
Turn   | Place    | Note
-------+----------+-------------------------------------------
     0 | Abyss:1  | Gargoyl the Ghoul Abyssal Knight began the quest for the Orb.
     0 | Abyss:1  | Reached XP level 1. HP: 19/19 MP: 1/1
    62 | Abyss:2  | Noticed a tentacled starspawn
    63 | Abyss:2  | Noticed an ancient zyme
    87 | Abyss:2  | Noticed a small abomination
    88 | D:1      | Escaped the Abyss
   290 | D:1      | Reached XP level 2. HP: 16/26 MP: 2/2
   377 | D:1      | Reached * piety under Lugonu
  1047 | D:2      | Found an iron altar of Okawaru.
  1093 | D:2      | Reached XP level 3. HP: 21/31 MP: 3/3
  1151 | D:2      | Noticed Natasha
  1162 | D:2      | Killed Natasha
  1162 | D:2      | Reached skill level 1 in Dodging
  1162 | D:2      | Reached XP level 4. HP: 32/40 MP: 3/5
  1591 | D:2      | Found a glowing silver altar of Zin.
  1594 | D:2      | Found a snail-covered altar of Cheibriados.
  1640 | D:2      | Reached skill level 4 in Fighting
  1708 | D:2      | Noticed Natasha
  1727 | D:2      | Killed Natasha
  1727 | D:2      | Reached XP level 5. HP: 17/46 MP: 6/6
  1980 | D:2      | Noticed Natasha
  1993 | D:2      | Killed from afar by Natasha

Skill      XL: |  1  2  3  4 |
---------------+-------------+-----
Axes           | 2 |  2.3
Armour         | 2 |  2.8
Dodging        | 1 |  1.1
Invocations    | 3 |  3.3
Fighting       | 4 |  4.0

Action                   |  1- 3 |  4- 6 || total
-------------------------+-------+-------++-------
Melee: Hand axe          |    69 |    75 ||   144
Invok: Depart the Abyss  |     1 |       ||     1
  Use: Scroll            |     2 |     1 ||     3
       Potion            |       |     4 ||     4
  Eat: Chunk             |     9 |     5 ||    14
Armor: Leather armour    |    13 |       ||    13
       Ring mail         |    11 |    53 ||    64
Dodge: Dodged            |    57 |    47 ||   104
